 Dungeon Crawl Stone Soup version 0.26-b1-32-g5d43845318 (webtiles) character file.

Game seed: 16387289440952377655

1084 dohliylev the Magician (level 8, -5/41 HPs)
             Began as a Gargoyle Venom Mage on Jan 11, 2021.
             Was a Follower of Vehumet.
             Killed from afar by Ijyb (11 damage)
             ... with a bolt of acid
             ... on level 3 of the Dungeon.
             The game lasted 00:26:21 (4611 turns).

dohliylev the Magician (Gargoyle Venom Mage)        Turns: 4611, Time: 00:26:21

Health: -5/41      AC:  5    Str: 12    XL:     8   Next: 30%
Magic:  1/18       EV: 12    Int: 18    God:    Vehumet [*.....]
Gold:   134        SH:  0    Dex: 10    Spells: 14/20 levels left

rFire    + . .     SeeInvis .   q - +0 dagger (protect)
rCold    . . .     Faith    .   (no shield)
rNeg     + . .     Spirit   .   g - +0 leather armour
rPois    ∞         Reflect  .   (no helmet)
rElec    +         Harm     .   b - +0 cloak
rCorr    .         Rampage  .   (no gloves)
Will     .....                  (no boots)
Stlth    ++........             (no amulet)
HPRegen  0.13/turn              p - ring of protection from fire
MPRegen  0.16/turn              (no ring)

@: corroded
A: negative energy resistance 1, electricity resistance, unbreathing,
petrification resistance, miasma immunity, AC +5
a: Renounce Religion


You were on level 3 of the Dungeon.
You worshipped Vehumet.
Vehumet was aware of your devotion.
You visited 2 branches of the dungeon, and saw 5 of its levels.

You collected 134 gold pieces.

Inventory:

Hand Weapons
 q - a +0 dagger of protection (weapon)
Armour
 b - a +0 cloak (worn)
 g - a +0 leather armour (worn)
Jewellery
 p - a ring of protection from fire (left hand)
Scrolls
 c - a scroll of enchant armour {unknown}
 e - 5 scrolls of identify {unknown}
 f - a scroll of teleportation {unknown}
 h - a scroll of random uselessness {unknown}
 k - 2 scrolls of amnesia {unknown}
 l - a scroll of enchant weapon {unknown}
 m - 3 scrolls of remove curse {unknown}
 o - a scroll of noise {unknown}
Potions
 a - a potion of ambrosia {unknown}
 d - 2 potions of lignification {unknown}
 i - a potion of curing
 j - 2 potions of mutation {unknown}
 n - a potion of degeneration {unknown}


   Skills:
 + Level 3.4 Dodging
 - Level 2.4 Stealth
 + Level 6.8 Spellcasting
 - Level 1.3 Transmutations
 - Level 1.1 Air Magic
 + Level 5.1 Poison Magic


You had 14 spell levels left.
You knew the following spells:

 Your Spells              Type           Power        Failure   Level
a - Sting                 Tmut/Pois      68%          3%          1
b - Poisonous Vapours     Pois/Air       34%          6%          2
c - Mephitic Cloud        Conj/Pois/Air  13%          19%         3

Your spell library contained the following spells:

 Spells                   Type           Power        Failure   Level
 Shock                    Conj/Air       32%          11%         1
 Ignite Poison            Fire/Tmut/Pois 13%          17%         3
 Olgreb's Toxic Radiance  Pois           24%          17%         4


Dungeon Overview and Level Annotations

Branches:
Dungeon (4/15)             Temple (1/1) D:4

Altars:
Ashenzari
Dithmenos
Fedhas
Kikubaaqudgha
Makhleb
Okawaru
Qazlal
Trog
Uskayaw
Vehumet
Wu Jian
Xom
Yredelemnul
Zin
The Shining One

Annotations:
D:3 Ijyb
D:4 Grinder


Innate Abilities, Weirdness & Mutations

You are resistant to torment.
Your stone body is resilient. (AC +5)
You are immune to poison.
You resist negative energy. (rN+)
You are resistant to electric shocks. (rElec)
You can survive without breathing.
You are immune to petrification.
You are immune to miasma.


Message History

Casting: Poisonous Vapours (safe; 6% risk of failure)
Confirm with . or Enter, or press ? or * to list all spells.
Aiming: Poisonous Vapours (safe; 6% risk of failure)
Press: ? - help, Dir - move target, f/p - Ijyb
Aim: Ijyb, wearing a +0 ring mail and carrying a wand of acid (9) (lightly wounded, poisoned) Poisonous vapours surround Ijyb!
Ijyb is engulfed in poison gas.
Ijyb looks even sicker.
Casting: Poisonous Vapours (safe; 6% risk of failure)
Confirm with . or Enter, or press ? or * to list all spells.
Aiming: Sting (safe; 3% risk of failure)
Press: ? - help, Shift-Dir - straight line, f/p - Ijyb
Aim: Ijyb, wearing a +0 ring mail and carrying a wand of acid (9) (moderately wounded, very poisoned, 29% to evade)
The sting hits Ijyb.
Ijyb looks even sicker.
Ijyb is moderately wounded.
Ijyb zaps a wand.
The bolt of acid hits you! The acid corrodes you!
You are splashed with acid!!
* * * LOW HITPOINT WARNING * * *
Ijyb drinks a potion.
Ijyb is healed!
Ijyb looks more healthy.
Ijyb zaps a wand.
The bolt of acid hits you!
You die...

########.# #.#
#.# #.# #.# #.#
#.# #####(####
#.....@.[#
#[#####).########
#..8.8.8.8.
#..)g......
#.........)
#.....)....
#.....)...(
#..........
#..8.8.8.8.


You could see Ijyb.

Vanquished Creatures
  Pikel (D:4)
  Eustachio (D:4)
  An ogre (D:4)
  2 lemures (D:4)
  Blork the orc (D:4)
  A howler monkey (D:4)
  An orc priest (D:4)
  A hound (D:4)
  A worker ant (D:4)
  12 adders
  An ooze (D:1)
  An adder skeleton (D:4)
  3 worms (D:2)
  3 dart slugs
  3 leopard geckos
  4 orcs (D:4)
  A ball python (D:1)
  6 giant cockroaches
  9 goblins
  8 hobgoblins
  3 jackals (D:4)
  6 bats
  6 frilled lizards
  7 kobolds
  5 rats
88 creatures vanquished.

Vanquished Creatures (others)
  2 fungi (D:2)
  3 plants (D:2)
5 creatures vanquished.

Grand Total: 93 creatures vanquished

Notes
Turn   | Place    | Note
-------+----------+-------------------------------------------
     0 | D:1      | dohliylev the Gargoyle Venom Mage began the quest for the
                  | Orb.
     0 | D:1      | Reached XP level 1. HP: 10/10 MP: 3/3
   214 | D:1      | Reached XP level 2. HP: 15/15 MP: 0/5
   217 | D:1      | Learned a level 2 spell: Poisonous Vapours
   492 | D:1      | Reached skill level 1 in Transmutations
  1016 | D:2      | Found a stormy altar of Qazlal.
  1017 | D:2      | You fall into a shaft and drop 2 floors!
  1070 | D:4      | Reached XP level 3. HP: 19/19 MP: 1/6
  1110 | D:4      | Noticed an ogre
  1258 | D:4      | Reached skill level 1 in Air Magic
  1258 | D:4      | Reached XP level 4. HP: 8/24 MP: 1/8
  1262 | D:4      | Learned a level 3 spell: Mephitic Cloud
  1470 | D:4      | Reached skill level 3 in Spellcasting
  1695 | D:4      | Reached XP level 5. HP: 16/28 MP: 4/10
  1809 | D:4      | Noticed Blork the orc
  1853 | D:4      | Found a shadowy altar of Dithmenos.
  1854 | D:4      | Found a broken altar of Ashenzari.
  1933 | D:4      | Killed Blork the orc
  1934 | D:4      | Reached XP level 6. HP: 8/32 MP: 4/11
  2218 | D:4      | Found a staircase to the Ecumenical Temple.
  2218 | D:4      | Noticed Eustachio
  2258 | D:4      | Killed Eustachio
  2259 | D:4      | Reached skill level 4 in Spellcasting
  2447 | D:4      | Reached skill level 5 in Poison Magic
  2447 | D:4      | Reached XP level 7. HP: 36/36 MP: 6/13
  2589 | D:4      | Noticed Pikel
  2670 | D:4      | Killed Pikel
  2671 | D:4      | Reached skill level 6 in Spellcasting
  2671 | D:4      | Reached XP level 8. HP: 15/41 MP: 0/17
  2892 | Temple   | Entered the Ecumenical Temple
  3084 | Temple   | Became a worshipper of Vehumet
  3147 | D:4      | Noticed Grinder
  3739 | D:2      | Found a blossoming altar of Fedhas.
  3939 | D:2      | Reached * piety under Vehumet
  3939 | D:2      | Offered knowledge of Shock by Vehumet.
  4603 | D:3      | Noticed Ijyb
  4611 | D:3      | Killed from afar by Ijyb

Illustrated notes

Levels and vault maps discovered:
D:1:      lemuel_arrival_funnel, layout_loops_ring
D:2:      layout_basic, grunt_temple_overflow_forces_of_nature
D:3:      kennysheep_the_goblin_king, layout_loops_ring, minmay_misc_feat_room
D:4:      layout_basic, gammafunk_temple_overflow_statue, temple_fountains,
          bh_walls_and_bars, uniq_pikel, uniq_blork_the_orc, uniq_grinder,
          uniq_eustachio
Temple:   minmay_temple_curvy_loop

Skill      XL: |  1  2  3  4  5  6  7 |
---------------+----------------------+-----
Transmutations | 1 |  1.3
Air Magic      | 1 |  1.1
Dodging        | 2 3 |  3.4
Spellcasting   | 3 4 6 |  6.8
Poison Magic   | 4 5 |  5.1
Stealth        | |  2.4

Action                   |  1- 3 |  4- 6 |  7- 9 || total
-------------------------+-------+-------+-------++-------
Melee: Unarmed           |    20 |       |       ||    20
       Dagger            |    18 |    10 |    57 ||    85
 Cast: Sting             |    18 |    19 |    57 ||    94
       Poisonous Vapours |    16 |    13 |    53 ||    82
       Mephitic Cloud    |       |     1 |     2 ||     3
 Stab: Sleeping          |     1 |       |       ||     1
Armor: Robe              |    18 |     9 |    16 ||    43
       Leather armour    |       |       |    13 ||    13
Dodge: Dodged            |    48 |    22 |    69 ||   139
